 Dungeon Crawl Stone Soup version 0.24.0-35-gdb84b6a5db (webtiles) character file.

Game seed: 10242694457705538676, levelgen mode: deterministic

194483 Delamore the Executioner (level 18, -1/170 HPs)
             Began as a Hill Orc Fighter on Nov 18, 2019.
             Was an Elder of Qazlal.
             Slain by an earth elemental (11 damage)
             ... summoned by a deep elf elementalist
             ... on level 3 of the Elven Halls.
             The game lasted 01:23:25 (38330 turns).

Delamore the Executioner (Hill Orc Fighter)        Turns: 38330, Time: 01:23:26

Health: -1/170     AC: 36    Str: 25    XL:     18   Next: 75%
Magic:  31/31      EV: 11    Int:  6    God:    Qazlal [****..]
Gold:   1676       SH:  9    Dex: 10    Spells: 36/36 levels left

rFire    + . .     SeeInvis .   n - +9 battleaxe "Capp" {freeze, +Blink rC+ Str-2}
rCold    + + +     Gourm    +   (shield currently unavailable)
rNeg     . . .     Faith    .   G - +15 Maxwell's patent armour {-Cast -Tele rElec MR+ rCorr}
rPois    .         Spirit   .   Z - +0 hat {MR+}
rElec    +         Reflect  .   U - scarf {rC+ rF+}
rCorr    +         Harm     .   D - +0 pair of gloves
MR       ++++.     NoTele   +   h - +0 pair of boots Stlth ..........NoCast +
                                z - amulet of the gourmand
HPRegen  0.00/turn              g - ring of protection from magic
MPRegen  0.22/turn              O - +3 ring of evasion

@: hasted, repel missiles, very quick
A: large bone plates 1, molten scales 1, cold resistance 1, dopey 1, electricity
resistance, inhibited regeneration
a: Upheaval, Elemental Force, Renounce Religion, Evoke Blink


You were on level 3 of the Elven Halls.
You worshipped Qazlal.
Qazlal was greatly pleased with you.
You were completely stuffed.

You visited 4 branches of the dungeon, and saw 26 of its levels.
You visited the Abyss 1 time.
You also visited: Volcano and Wizlab.

You collected 2558 gold pieces.
You spent 882 gold pieces at shops.

Inventory:

Hand Weapons
 n - the +9 battleaxe "Capp" (weapon) {freeze, +Blink rC+ Str-2}
   (You took it off a deep elf mage on level 12 of the Dungeon)

   It has been specially enchanted to freeze those struck by it, causing extra
   injury to most foes and up to half again as much damage against particularly
   susceptible opponents.
   It can also slow down cold-blooded creatures.
   It affects your strength (-2).
   It protects you from cold.
   It lets you blink.
 w - a +1 executioner's axe of holy wrath
Missiles
 c - 15 javelins (quivered)
 e - a throwing net
Armour
 h - a +0 pair of boots (worn)
 j - a +1 helmet
 D - a +0 pair of gloves (worn)
 G - the +15 Maxwell's patent armour (worn) {-Cast -Tele rElec MR+ rCorr}
   (You found it on level 6 of the Lair of Beasts)

   It insulates you from electricity.
   It affects your resistance to hostile enchantments.
   It prevents spellcasting.
   It prevents most forms of teleportation.
   It provides partial protection from all sources of acid and corrosion.
 K - a +0 helmet of see invisible
 U - a scarf of resistance (worn)
 Z - a +0 hat of magic resistance (worn)
Jewellery
 g - a ring of protection from magic (left hand)
 l - an uncursed ring of positive energy
 o - an uncursed ring of protection from cold
 q - an uncursed ring of wizardry {unknown}
 z - an amulet of the gourmand (around neck)
 F - a +3 ring of strength
 I - an uncursed ring of protection from cold
 O - a +3 ring of evasion (right hand)
 S - an uncursed ring of fire {unknown}
Wands
 s - a wand of paralysis (20)
 L - a wand of iceblast (9)
 P - a wand of acid (18)
 Q - a wand of digging (5)
 T - a wand of disintegration (16)
Scrolls
 r - 20 scrolls of remove curse
 t - 7 scrolls of fear
 u - a scroll of silence
 v - 15 scrolls of teleportation
 y - 7 scrolls of enchant armour
 C - 4 scrolls of magic mapping
 J - 3 scrolls of summoning
 M - 2 scrolls of identify
 R - 9 scrolls of enchant weapon
Potions
 a - 2 potions of berserk rage
 b - 4 potions of agility
 d - 2 potions of might
 i - 6 potions of curing
 k - 3 potions of invisibility
 m - 4 potions of haste
 p - 3 potions of resistance
 x - 3 potions of flight
 A - 5 potions of magic
 H - 5 potions of cancellation
 N - 5 potions of brilliance
Miscellaneous
 B - a sack of spiders
 E - a box of beasts
Comestibles
 f - 46 rations


   Skills:
 + Level 17.3 Fighting
 + Level 24.5 Axes
 + Level 13.5 Armour
   Level 3.2 Shields
 * Level 9.8 Spellcasting
 - Level 15.6 Invocations


You had 36 spell levels left.
You didn't know any spells.
Your spell library contained the following spells:

 Spells                   Type           Power        Failure   Level  Hunger
 Animate Skeleton         Necr           N/A          83%         1    None
 Beastly Appendage        Tmut           #.....       83%         1    None
 Confusing Touch          Hex            #.....       83%         1    None
 Corona                   Hex            #......      83%         1    None
 Freeze                   Ice            #...         83%         1    None
 Infusion                 Chrm           #...         83%         1    None
 Magic Dart               Conj           #...         83%         1    None
 Pain                     Necr           #...         83%         1    None
 Sandblast                Erth           #.....       83%         1    None
 Sting                    Conj/Pois      #...         83%         1    None
 Ensorcelled Hibernation  Hex/Ice        #.....       92%         2    ##.....
 Passwall                 Tmut/Erth      #.......     92%         2    ##.....
 Shroud of Golubria       Chrm/Tloc      #.....       92%         2    ##.....
 Slow                     Hex            #.......     92%         2    ##.....
 Song of Slaying          Chrm           #.......     92%         2    ##.....
 Sticks to Snakes         Tmut           #.......     92%         2    ##.....
 Swiftness                Chrm/Air       #.......     92%         2    ##.....
 Throw Frost              Conj/Ice       #.....       92%         2    ##.....
 Confuse                  Hex            #.......     99%         3    ###....
 Conjure Flame            Conj/Fire      #.......     99%         3    ###....
 Dazzling Spray           Conj/Hex       #.....       99%         3    ###....
 Gell's Gravitas          Tloc           #.........   99%         3    ###....
 Ignite Poison            Fire/Tmut/Pois #.......     99%         3    ###....
 Inner Flame              Hex/Fire       #.......     99%         3    ###....
 Mephitic Cloud           Conj/Pois/Air  #.......     99%         3    ###....
 Ozocubu's Armour         Chrm/Ice       #.......     99%         3    ###....
 Portal Projectile        Hex/Tloc       #.....       99%         3    ###....
 Recall                   Summ/Tloc      N/A          99%         3    ###....
 Regeneration             Chrm/Necr      #.........   99%         3    ###....
 Spectral Weapon          Hex/Chrm       #.......     99%         3    ###....
 Spider Form              Tmut/Pois      #.........   99%         3    ###....
 Stone Arrow              Conj/Erth      #.....       99%         3    ###....
 Tukima's Dance           Hex            #.......     99%         3    ###....
 Vampiric Draining        Necr           #.........   99%         3    ###....
 Animate Dead             Necr           N/A          100%        4    ####...
 Cause Fear               Hex            #.........   100%        4    ####...
 Ice Form                 Ice/Tmut       #.......     100%        4    ####...
 Iskenderun's Mystic Bla  Conj           #.......     100%        4    ####...
 Leda's Liquefaction      Hex/Erth       #.........   100%        4    ####...
 Petrify                  Tmut/Erth      #.......     100%        4    ####...
 Summon Ice Beast         Ice/Summ       #.......     100%        4    ####...
 Summon Lightning Spire   Summ/Air       #.......     100%        4    ####...
 Throw Icicle             Conj/Ice       #.......     100%        4    ####...
 Blade Hands              Tmut           #.........   100%        5    ######.
 Bolt of Magma            Conj/Fire/Erth #.........   100%        5    ######.
 Borgnjor's Vile Clutch   Necr/Erth      #.........   100%        5    ######.
 Fireball                 Conj/Fire      #.........   100%        5    ######.
 Irradiate                Conj/Tmut      #.........   100%        5    ######.
 Iskenderun's Battlesphe  Conj/Chrm      #.......     100%        5    ######.
 Lee's Rapid Deconstruct  Erth           #.........   100%        5    ######.
 Metabolic Englaciation   Hex/Ice        #.........   100%        5    ######.
 Silence                  Hex/Air        #.........   100%        5    ######.
 Venom Bolt               Conj/Pois      #.........   100%        5    ######.
 Yara's Violent Unravell  Hex/Tmut       #.........   100%        5    ######.
 Bolt of Fire             Conj/Fire      #.........   100%        6    #######
 Conjure Ball Lightning   Conj/Air       #.........   100%        6    #######
 Death Channel            Necr           #.........   100%        6    #######
 Deflect Missiles         Chrm/Air       #.........   100%        6    #######
 Iron Shot                Conj/Erth      #.........   100%        6    #######
 Simulacrum               Ice/Necr       #.........   100%        6    #######
 Statue Form              Tmut/Erth      #........    100%        6    #######
 Orb of Destruction       Conj           #.........   100%        7    #######
 Ring of Flames           Chrm/Fire      #.........   100%        7    #######
 Ignition                 Fire           #.........   100%        8    #######
 Tornado                  Air            #.........   100%        9    #######


Dungeon Overview and Level Annotations

Branches:
Dungeon (15/15)            Temple (0/1) D:4            Lair (6/6) D:10
 Shoals (0/4) Lair:2       Spider (0/4) Lair:3        Slime (0/5) Lair:5
    Orc (2/2) D:9             Elf (3/3) Orc:2        Vaults (0/5) D:13
 Depths (0/5) D:15        Volcano (visited)          WizLab (visited)

Altars:
Dithmenos
Elyvilon
Fedhas
Hepliaklqana
Kikubaaqudgha
Makhleb
Nemelex Xobeh
Okawaru
Qazlal
Ru
Sif Muna
Trog
Wu Jian
Zin
The Shining One
Beogh

Shops:
D:5 ?   Orc:1 ?   Orc:2 %![!   Elf:1 =%=   Elf:2 %**!   Elf:3 (

Annotations:
Orc:1 2 runed translucent doors, exclusion: orange crystal statue
Elf:3 2 transporters, iamserjio's ghost, adept OpNe


Innate Abilities, Weirdness & Mutations

You are partially covered in large bone plates. (SH +4)
You are partially covered in molten scales. (AC +2)
Your flesh is cold resistant. (rC+)
You are dopey. (Int -2)
You are resistant to electric shocks. (rElec)
You do not regenerate when monsters are visible.


Message History

The deep elf high priest calls down the wrath of its god upon you.
Something smites you!
* * * LOW HITPOINT WARNING * * *
The deep elf sorcerer is engulfed in freezing vapours.
The ghostly deep elf blademaster hits you but does no damage. x2
The deep elf elementalist casts a spell at you.
Some walls begin to move on their own!
The deep elf high priest intones a terrible prayer.
The deep elf high priest invokes the aid of its god against you.
Something smites you!
* * * LOW HITPOINT WARNING * * *
You hear a shout!
You see here an arrow.
You feel yourself speed up.
The ghostly deep elf blademaster hits you but does no damage.
The ghostly deep elf blademaster closely misses you.
You block the earth elemental's attack.
The ghostly deep elf blademaster hits you but does no damage. x2
The earth elemental hits you!
You die...

,,,,,*,,,,,*#.....e.....#*,,,,,*,
,,,,,,,,,,,*#...........#*,,,,,,,
,,,,,,,,,,,*#.....[.....#*,,,,,,,
**,,,,,,,***###...)...###***,,,,,
**,,,,,** ##..ee.## **,,,,
***,*** ###e### ***,* *** #.#.##
*** #.eE.# ##@E○## ##.)E##
######.)..# #...)..(..#
#...##...## ##.####### #.'##
###.## ### ##.## ###.###


You could see a ghostly deep elf blademaster, a deep elf elementalist, a deep
elf high priest and 3 earth elementals.

Vanquished Creatures
  A bone dragon (Abyss:3)
  Jorgrun (D:15)
  3 deep elf sorcerers (Elf:3)
  A deep elf elementalist (Elf:3)
  2 deep elf demonologists (Elf:3)
  Nessos (D:12)
  Azrael (D:15)
  4 deep elf annihilators
  2 dire elephants
  13 purple draconians (WizLab)
  Snorg (D:9)
  A deep elf death mage (Elf:3)
  9 statues (WizLab)
  3 deep elf high priests (Elf:3)
  Erolcha (D:9)
  Fannar (Lair:3)
  6 hydras
  A centaur warrior (D:12)
  Harold (D:7)
  Erica (D:8)
  A merfolk avatar (Lair:6)
  6 death yaks (Lair:5)
  21 dancing weapons
  A death knight (D:11)
  14 two-headed ogres
  3 ogre magi
  6 tengu warriors
  A thrashing horror (Abyss:3)
  19 deep elf knights
  Nergalle (Orc:1)
  11 skeletal warriors
  11 starcursed masses (Abyss:3)
  2 deep trolls (Orc:2)
  3 unseen horrors
  4 orc knights
  13 deep elf archers
  An anaconda skeleton (Volcano)
  A lindwurm (shapeshifter) (D:13)
  2 oklob plants (Lair:2)
  4 harpies
  3 ugly things
  2 wolf spiders
  57 deep elf magi
  A manticore (shapeshifter) (D:13)
  3 manticores
  9 cyclopes
  4 elephants
  2 black mambas (Lair:5)
  An eye of devastation (Lair:5)
  A naga mage (D:15)
  Joseph (D:8)
  8 centaur zombies
  14 spiny frogs
  5 gargoyles
  A kobold demonologist (D:11)
  2 komodo dragons (shapeshifter)
  A freezing wraith (D:14)
  5 rime drakes
  12 komodo dragons
  A tengu conjurer (D:14)
  2 meliai (shapeshifter)
  A wind drake (Lair:5)
  4 meliai
  6 polar bears
  2 jumping spiders (Lair:3)
  4 hornets
  17 trolls
  19 blink frogs
  Prince Ribbit (D:7)
  7 raiju (Abyss:3)
  Grinder (D:3)
  A snapping turtle (Lair:2)
  9 hippogriffs
  4 large abominations (Abyss:3)
  6 slime creatures (D:13)
  2 alligator skeletons (Volcano)
  4 air elementals
  3 flying skulls (Volcano)
  2 centaur simulacra
  7 wyverns
  2 water elementals (Elf:2)
  2 vampires (D:14)
  A ynoxinul (Abyss:3)
  4 hogs (D:7)
  A wraith (D:12)
  7 fire elementals
  A human (D:7)
  2 shadows
  2 basilisks
  37 yaks
  A golden eye (Abyss:3)
  2 hungry ghosts
  A neqoxec (Abyss:3)
  A warg (Orc:1)
  4 vampire mosquitoes (D:14)
  16 water moccasins
  A hydra simulacrum (Abyss:3)
  4 hell hounds
  9 porcupines
  32 orc warriors
  2 black bears
  A hornet zombie (D:14)
  5 sky beasts
  5 ice beasts
  4 phantoms
  2 necrophages
  3 eyes of draining
  5 wolves
  23 ogres
  16 centaurs
  15 crocodiles
  3 big kobolds (D:11)
  Blork the orc (D:5)
  19 bullfrogs
  A gnoll sergeant (D:3)
  An earth elemental (Elf:2)
  7 scorpions
  5 small abominations (Abyss:3)
  7 killer bees
  6 wights
  7 howler monkeys
  2 electric eels
  A troll skeleton (Volcano)
  3 crimson imps
  2 quasits
  A bullfrog zombie (D:12)
  5 hounds
  2 centaur skeletons
  4 gnoll shamans (D:3)
  22 orc priests
  7 jellies
  4 bullfrog skeletons
  An iron imp (Abyss:3)
  17 orc wizards
  7 iguanas
  10 worker ants
  A naga skeleton (Volcano)
  A hound zombie (D:6)
  2 hound skeletons
  2 worker ant zombies
  37 gnolls
  A howler monkey skeleton (D:4)
  14 adders
  4 shadow imps
  An ufetubus (Abyss:3)
  An ooze (D:4)
  2 adder skeletons
  5 worms
  A dart slug (D:1)
  5 leopard geckos
  118 orcs
  12 bats
  3 giant cockroaches
  7 goblins
  4 hobgoblins
  28 jackals
  12 kobolds
  3 quokkas
  A ball python (D:1)
  5 frilled lizards
  A jackal skeleton (D:7)
  A leopard gecko skeleton (D:3)
  A leopard gecko zombie (D:8)
  A quokka skeleton (D:8)
  6 rats
  2 crawling corpses (Elf:3)
1052 creatures vanquished.

Vanquished Creatures (others)
  A deep elf sorcerer (Elf:2)
  2 deep elf knights (Elf:2)
  2 deep elf magi
  An elephant (Lair:6)
  A hippogriff (D:14)
  A bush (Lair:5)
  A demonic plant (Abyss:3)
  2 fungi (Lair:5)
  7 plants
18 creatures vanquished.

Grand Total: 1070 creatures vanquished

Notes
Turn   | Place    | Note
-------+----------+-------------------------------------------
     0 | D:1      | Delamore the Hill Orc Fighter began the quest for the Orb.
     0 | D:1      | Reached XP level 1. HP: 19/19 MP: 1/1
    36 | D:1      | Reached skill level 3 in Axes
    36 | D:1      | Reached XP level 2. HP: 26/26 MP: 2/2
    39 | D:1      | Reached skill level 4 in Axes
   156 | D:1      | Reached XP level 3. HP: 26/31 MP: 3/3
   374 | D:2      | Reached skill level 5 in Axes
   458 | D:2      | Reached XP level 4. HP: 33/39 MP: 4/4
   650 | D:2      | Found a sacrificial altar of Ru.
   749 | D:2      | Reached skill level 6 in Axes
   787 | D:2      | Found a stormy altar of Qazlal.
   787 | D:2      | Noticed a fire elemental
   789 | D:2      | Noticed an earth elemental
   789 | D:2      | Noticed a water elemental
   789 | D:2      | Noticed an air elemental
   795 | D:2      | Became a worshipper of Qazlal Stormbringer
  1095 | D:3      | Reached XP level 5. HP: 30/45 MP: 5/5
  1121 | D:3      | Reached skill level 7 in Axes
  1449 | D:3      | Reached * piety under Qazlal
  1457 | D:3      | Found a hazy altar of Hepliaklqana.
  1533 | D:3      | Noticed Grinder
  1544 | D:3      | Paralysed by Grinder for 5 turns
  1706 | D:3      | Killed Grinder
  1706 | D:3      | Reached skill level 9 in Axes
  1706 | D:3      | Reached XP level 6. HP: 39/51 MP: 6/6
  1972 | D:3      | Reached XP level 7. HP: 51/57 MP: 7/7
  1983 | D:3      | Reached skill level 10 in Axes
  1990 | D:3      | Reached ** piety under Qazlal
  2196 | D:5      | Entered Level 5 of the Dungeon
  2316 | D:4      | Reached skill level 11 in Axes
  2551 | D:4      | Reached XP level 8. HP: 63/64 MP: 8/8
  2606 | D:3      | Reached skill level 12 in Axes
  2930 | D:4      | Found a staircase to the Ecumenical Temple.
  3149 | D:4      | Reached *** piety under Qazlal
  3149 | D:4      | Reached skill level 13 in Axes
  3996 | D:5      | Noticed Blork the orc
  4014 | D:5      | Killed Blork the orc
  4303 | D:5      | Reached skill level 14 in Axes
  4303 | D:5      | Reached XP level 9. HP: 70/70 MP: 9/9
  4548 | D:5      | Found Qoek's Magic Scroll Boutique.
  4561 | D:5      | Bought a scroll of remove curse for 36 gold pieces
  4561 | D:5      | Bought a scroll of teleportation for 36 gold pieces
  4561 | D:5      | Bought a scroll of magic mapping for 42 gold pieces
  4784 | D:5      | Bought a scroll of identify for 24 gold pieces
  4784 | D:5      | Bought a scroll of identify for 24 gold pieces
  4784 | D:5      | Bought a scroll of identify for 24 gold pieces
  4828 | D:5      | Gained mutation: You are dopey. (Int -2) [potion of
                  | mutation]
  4828 | D:5      | Gained mutation: Your flesh is cold resistant. (rC+)
                  | [potion of mutation]
  5187 | D:6      | Reached skill level 15 in Axes
  5199 | D:6      | Found a blossoming altar of Fedhas.
  5577 | D:7      | Found a hazy altar of Hepliaklqana.
  5623 | D:7      | Found a white marble altar of Elyvilon.
  5632 | D:7      | Noticed Harold
  5648 | D:7      | Killed Harold
  5648 | D:7      | Reached skill level 16 in Axes
  5927 | D:7      | Found a shimmering blue altar of Sif Muna.
  5927 | D:7      | Found a burning altar of Makhleb.
  6029 | D:7      | Found a bloodstained altar of Trog.
  6239 | D:7      | Reached XP level 10. HP: 77/77 MP: 10/10
  6243 | D:7      | Reached skill level 17 in Axes
  6249 | D:7      | Reached **** piety under Qazlal
  6288 | D:7      | Noticed Prince Ribbit
  6371 | D:7      | Got a crude trident
  6729 | D:7      | Identified the +9 trident of the Morning {pierce, Fragile
                  | rPois rN+++ Dex+4} (You found it on level 7 of the Dungeon)
  6749 | D:8      | Noticed a cyclops
  6763 | D:8      | Killed a cyclops
  6764 | D:8      | Noticed Joseph
  6774 | D:8      | Killed Joseph
  6774 | D:8      | Reached skill level 18 in Axes
  6856 | D:7      | Killed Prince Ribbit
  7226 | D:8      | Noticed Erica
  7239 | D:8      | Killed Erica
  7239 | D:8      | Reached skill level 19 in Axes
  7384 | D:8      | Found a sparkling altar of Nemelex Xobeh.
  7384 | D:8      | Found a blossoming altar of Fedhas.
  7384 | D:8      | Found a shadowy altar of Dithmenos.
  7384 | D:8      | Found a glowing golden altar of the Shining One.
  7395 | D:8      | Found an ancient bone altar of Kikubaaqudgha.
  7395 | D:8      | Found an iron altar of Okawaru.
  7631 | D:9      | Noticed a two-headed ogre
  7639 | D:9      | Killed a two-headed ogre
  7639 | D:9      | Reached XP level 11. HP: 67/82 MP: 11/11
  7667 | D:9      | Noticed a two-headed ogre
  7674 | D:9      | Killed a two-headed ogre
  7674 | D:9      | Reached skill level 20 in Axes
  7820 | D:9      | Reached ***** piety under Qazlal
  7926 | D:9      | Found a glowing silver altar of Zin.
  8108 | D:9      | Noticed Erolcha
  8143 | D:9      | Killed Erolcha
  8369 | D:9      | Found a roughly hewn altar of Beogh.
  8374 | D:9      | Found a staircase to the Orcish Mines.
  8447 | Orc:1    | Entered Level 1 of the Orcish Mines
  8461 | Orc:1    | Noticed Nergalle
  8478 | Orc:1    | Killed Nergalle
  8680 | Orc:1    | Noticed an orc knight
  8898 | D:10     | Entered Level 10 of the Dungeon
  8910 | D:10     | Reached skill level 1 in Invocations
  8912 | D:10     | Reached skill level 21 in Axes
  9742 | D:10     | Found a staircase to the Lair.
  9809 | Lair:1   | Entered Level 1 of the Lair of Beasts
  9908 | Lair:1   | Reached skill level 5 in Invocations
  9913 | Lair:1   | Reached skill level 5 in Fighting
  9913 | Lair:1   | Reached XP level 12. HP: 70/94 MP: 15/15
  9927 | Lair:1   | Noticed a five-headed hydra
  9938 | Lair:1   | Killed a five-headed hydra
 11329 | Lair:2   | Noticed a five-headed hydra
 11739 | Lair:2   | Killed a five-headed hydra
 12158 | Lair:2   | Found a staircase to the Shoals.
 12816 | Lair:3   | Reached skill level 10 in Invocations
 12925 | Lair:3   | Noticed Fannar
 12966 | Lair:3   | Killed Fannar
 12966 | Lair:3   | Reached XP level 13. HP: 39/107 MP: 19/21
 14267 | Lair:3   | Found a hole to the Spider Nest.
 14645 | Lair:3   | Reached skill level 22 in Axes
 14755 | Lair:4   | Found a dark tunnel.
 14896 | Volcano  | Entered a volcano
 15754 | Lair:4   | Reached ****** piety under Qazlal
 16573 | Lair:5   | HP: 5/111 [disintegration (16)]
 16945 | Lair:5   | Reached skill level 10 in Fighting
 17247 | Lair:5   | Found a staircase to the Slime Pits.
 17355 | Lair:5   | Reached XP level 14. HP: 98/121 MP: 24/24
 18106 | Lair:6   | Entered Level 6 of the Lair of Beasts
 19302 | Lair:6   | Noticed a dire elephant
 19773 | Lair:5   | Reached skill level 15 in Invocations
 20532 | Lair:5   | Killed a dire elephant
 21779 | Lair:6   | Found the +15 Maxwell's patent armour {-Cast -Tele rElec
                  | MR+ rCorr}
 22285 | Orc:1    | Noticed Snorg
 22308 | D:9      | Killed Snorg
 22713 | Orc:1    | Found the +10 large shield of Ignorance {rN+ Int-4}
 22747 | Orc:1    | Found a runed translucent door.
 22774 | Orc:1    | Found a runed translucent door.
 22878 | Orc:1    | Found Muzues's Magic Scroll Shop.
 22886 | Orc:1    | Bought a scroll of identify for 22 gold pieces
 22886 | Orc:1    | Bought a scroll of identify for 22 gold pieces
 22886 | Orc:1    | Bought a scroll of acquirement for 572 gold pieces
 23116 | Orc:2    | Entered Level 2 of the Orcish Mines
 23125 | Orc:2    | Reached skill level 5 in Armour
 23149 | Orc:1    | Reached XP level 15. HP: 42/134 MP: 20/26
 23453 | Orc:2    | Found a staircase to the Elven Halls.
 23577 | Orc:2    | Found Jirchaun's Distillery.
 23578 | Orc:2    | Found Lit Yze's Distillery.
 23592 | Orc:2    | Found Wuschy's Food Shop.
 23691 | Orc:2    | Found Irghan's Antique Armour Emporium.
 24143 | Orc:2    | Bought a potion of heal wounds for 80 gold pieces
 25179 | D:12     | Noticed Nessos
 25191 | D:12     | Killed Nessos
 25476 | D:12     | Reached skill level 10 in Armour
 25729 | D:12     | Identified the +9 battleaxe "Capp" {freeze, +Blink rC+
                  | Str-2}
 25743 | D:12     | Reached skill level 1 in Spellcasting
 25834 | D:12     | You fall into a shaft and drop 3 floors!
 25834 | D:15     | Entered Level 15 of the Dungeon
 26068 | D:15     | Reached skill level 23 in Axes
 26068 | D:15     | Reached XP level 16. HP: 113/147 MP: 27/27
 26267 | D:14     | Noticed Azrael
 26274 | D:15     | Killed Azrael
 26467 | D:14     | Reached skill level 15 in Fighting
 26722 | D:13     | Found a gate to the Vaults.
 26859 | D:12     | Found an ornate altar of the Wu Jian Council.
 28186 | D:15     | Found a staircase to the Depths.
 28201 | D:15     | Noticed Jorgrun
 28212 | D:15     | Killed Jorgrun
 28462 | D:15     | Reached skill level 5 in Spellcasting
 28911 | Elf:1    | Entered Level 1 of the Elven Halls
 28969 | Elf:1    | Found Hyocoab's Food Shoppe.
 29001 | Elf:1    | Found Foosiro's Jewellery Shoppe.
 29001 | Elf:1    | Found Tibac's Gadget Emporium.
 29006 | Elf:1    | Found Doddoob's Jewellery Emporium.
 29564 | Elf:1    | Reached XP level 17. HP: 142/157 MP: 28/28
 29842 | Elf:1    | Identified the Volume of Attacks
 30966 | Elf:2    | Found Zuhemim's Distillery.
 31056 | Elf:2    | Found Wausid's Food Boutique.
 31059 | Elf:2    | Found Itymoth's General Store.
 31096 | Elf:2    | Found Goareg's Assorted Antiques.
 31202 | Elf:2    | Found a runed translucent gate.
 31202 | Elf:2    | Found a runed translucent gate.
 31203 | Elf:2    | Found a runed translucent gate.
 31335 | Elf:2    | Cast into level 3 of the Abyss (+0 trident of distortion)
 31424 | Abyss:3  | Found a bloodstained altar of Trog.
 31431 | Abyss:3  | Gained mutation: You are clumsy. (Dex -2) [a neqoxec]
 31435 | Abyss:3  | Gained mutation: You are frail. (-10% HP) [a neqoxec]
 31440 | Abyss:3  | Gained mutation: You do not regenerate when monsters are
                  | visible. [a neqoxec]
 31444 | Abyss:3  | Lost mutation: You are clumsy. (Dex -2) [potion of
                  | mutation]
 31444 | Abyss:3  | Lost mutation: You are frail. (-10% HP) [potion of
                  | mutation]
 31444 | Abyss:3  | Gained mutation: You are partially covered in large bone
                  | plates. (SH +4) [potion of mutation]
 31444 | Abyss:3  | Gained mutation: You are resistant to electric shocks.
                  | (rElec) [potion of mutation]
 31444 | Abyss:3  | Gained mutation: You are partially covered in molten
                  | scales. (AC +2) [potion of mutation]
 31458 | Abyss:3  | Noticed a bone dragon
 31479 | Abyss:3  | Killed a bone dragon
 31543 | Abyss:3  | Paralysed by accursed screaming for 1 turns
 31562 | Abyss:3  | Found a corrupted altar of Lugonu.
 31567 | Abyss:3  | Noticed a kraken
 31586 | Elf:2    | Escaped the Abyss
 31586 | Elf:2    | HP: 5/159 [+0 trident of distortion (16)]
 32090 | Elf:2    | Reached skill level 24 in Axes
 32932 | Elf:3    | Entered Level 3 of the Elven Halls
 32940 | Elf:3    | Found Jyhur's Antique Weapon Boutique.
 32950 | Elf:3    | Found a magical portal.
 32974 | WizLab   | Reached XP level 18. HP: 168/168 MP: 30/30
 37149 | WizLab   | Identified Iskenderun's Disquisition on Confrontation
 37149 | WizLab   | Identified Iskenderun's Handbook of Attacks
 37165 | WizLab   | Identified the Handbook of Lucky Clay
 37385 | Elf:3    | Found a transporter.
 37387 | Elf:3    | Noticed a deep elf blademaster
 37440 | Elf:3    | Identified the +6 longbow of Imminent Death {venom,
                  | *Corrode Dex+3 Stlth+}
 37440 | Elf:3    | Noticed a deep elf master archer
 37442 | Elf:3    | Noticed iamserjio's ghost (adept OpNe)
 37443 | Elf:3    | Found a bloodstained altar of Trog.
 37443 | Elf:3    | Identified the +7 quick blade "Plog" {elec, *Corrode rElec
                  | Int+5}
 37443 | Elf:3    | Noticed a deep elf blademaster
 37451 | Elf:3    | Identified the +8 rapier of a volcano {venom, rN+ Str+2
                  | Int-5}
 37451 | Elf:3    | Noticed a deep elf blademaster
 37466 | Elf:3    | Found a transporter.
 37685 | Elf:3    | Noticed a Tzitzimitl
 38304 | Elf:3    | Noticed a deep elf blademaster
 38314 | Elf:3    | Killed a deep elf blademaster
 38330 | Elf:3    | Slain by an earth elemental

Levels and vault maps discovered:
D:1:      lemuel_arrival_behind_the_door_small, layout_rooms
D:2:      layout_loops_ring, nicolae_qazlal_style_of_elements, first_ration,
          nicolae_ru_path_of_blood
D:3:      lemuel_castle_with_subvaults [lemuel_castle_interior_carwin_2],
          layout_rooms, lemuel_doored_altar, uniq_grinder
D:4:      layout_loops_corners, temple_doors_e, grunt_ministairs_1
D:5:      layout_cave_pods, serial_shops, nicolae_shop_trees, uniq_blork_the_orc
D:6:      layout_basic, lemuel_statue_altar
D:7:      layout_rooms, gammafunk_temple_overflow_elements, kennysheep_mini,
          elyvilon_altar_3, basic_altar, serial_co_window_serial,
          co_window_cross_1, co_window_corner_a, co_window_paths_a,
          co_window_paths_a, co_window_corner_a, co_window_corner_a,
          co_window_paths_a, co_window_broadway_c, co_window_paths_c,
          co_window_corner_ca, co_window_corner_b, co_window_2corner,
          co_window_corner_b, glass_columns_c, grunt_livestock,
          uniq_prince_ribbit1, uniq_harold
D:8:      layout_rooms, minmay_overflow_temple_hex, minmay_misc_feat_doors,
          uniq_joseph, uniq_erica
D:9:      layout_long_grid, marbit_many_paths, david_orc_5, uniq_erolcha
D:10:     layout_loops_ring, lair_entry_dummy
D:11:     layout_long_grid
D:12:     minmay_the_grid_octo_tiled_octocenter_mashed
          [minmay_the_grid_octo_vomiting_pacman,
          minmay_the_grid_octo_tetromino_candy, minmay_the_grid_octo_odd_swirl,
          minmay_the_grid_octo_clover_2, minmay_the_grid_octo_prize_big_c,
          minmay_the_grid_square_5x5_bracketed,
          minmay_the_grid_square_5x5_tri_point,
          minmay_the_grid_square_5x5_trominoes,
          minmay_the_grid_square_5x5_checkered_sparse], layout_irregular_city,
          uniq_nessos
D:13:     layout_basic, david_vaults_2
D:14:     layout_roguey [special_room_orc], minmay_misc_feat_pillars,
          uniq_azrael
D:15:     hangedman_depths_entry_try_elsewhere_first, layout_irregular_city,
          chequers_hall_statues_wall_a, drop_trap, hangedman_aviary,
          uniq_jorgrun
Lair:1:   layout_chaotic_city, infiniplex_staircase_pool_2,
          serial_bayou_shore_a, serial_bayou_shore_b
Lair:2:   layout_chaotic_city, minmay_shoals_entry_hut,
          gammafunk_lair_bear_cave, minmay_lair_oklob_chamber, lemuel_fruit_tree
Lair:3:   layout_regular_city, spider_nest_entry_funnel_web, uniq_fannar
Lair:4:   layout_layer_cave, enter_volcano_3, lookout_lair_type,
          grunt_megastairs_1
Lair:5:   layout_concentric_octagons, minmay_slime_entry_eyes
Lair:6:   gammafunk_lair_ancient_temple, layout_regular_city
Orc:1:    layout_caves, serial_shops,
          nicolae_shop_temple_entry_statues_fountains,
          chequers_guarded_unrand_ignorance, uniq_nergalle, uniq_snorg
Orc:2:    st_orc_open, layout_caves
Elf:1:    layout_geoelf_octagon, minmay_elf_annihilation, minmay_shoptagon
Elf:2:    layout_rooms, serial_shops, shop_fountains, shop, shop_fountains,
          nicolae_shop_waterfront
Elf:3:    minmay_elf_hall_hex, layout_geoelf_octagon, serial_shops, shop,
          mu_enter_wizlab_4, gammafunk_ghost_wrathful_warriors,
          minmay_misc_feat_columns

Skill      XL: |  1  2  3  4  5  6  7  8  9 10 11 12 13 14 15 16 17 18 |
---------------+-------------------------------------------------------+-----
Axes           | 3 4 5 6 9 11 14 16 19 21 22 23 24 | 24.5
Invocations    | 5 10 14 15 | 15.6
Fighting       | 5 7 10 12 14 15 16 17 | 17.3
Armour         | 6 10 11 12 13 | 13.5
Spellcasting   | 2 6 8 9 |  9.8
Shields        | |  3.2

Action                   |  1- 3 |  4- 6 |  7- 9 | 10-12 | 13-15 | 16-18 || total
-------------------------+-------+-------+-------+-------+-------+-------++-------
Melee: War axe           |    69 |   196 |   295 |    22 |       |       ||   582
       Hand axe          |       |       |    35 |       |       |       ||    35
       Trident           |       |       |       |   517 |   583 |       ||  1100
       Battleaxe         |       |       |       |       |   445 |   905 ||  1350
Throw: Javelin           |       |       |    19 |    26 |     8 |       ||    53
       Throwing net      |       |       |       |     3 |       |       ||     3
Invok: Upheaval          |       |       |       |     4 |       |     8 ||    12
       Disaster Area     |       |       |       |       |     4 |     7 ||    11
       Elemental Force   |       |       |       |       |       |     1 ||     1
  Use: Potion            |       |       |     2 |     2 |     5 |    11 ||    20
       Scroll            |       |       |     6 |     8 |     9 |    10 ||    33
  Eat: Chunk             |       |     4 |    14 |    18 |    46 |    39 ||   121
       Ration            |       |       |       |     1 |     2 |       ||     3
Armor: Scale mail        |    25 |    78 |    77 |    18 |       |       ||   198
       Ring mail         |       |       |       |    63 |   119 |       ||   182
       Plate armour      |       |       |       |       |   214 |   421 ||   635
Dodge: Dodged            |    22 |    55 |    66 |    78 |   286 |   212 ||   719
       Deflected         |       |       |       |     2 |    18 |    37 ||    57
Block: Shield            |    36 |   101 |   173 |   322 |   405 |       ||  1037
       Other             |       |       |       |       |   129 |   287 ||   416
